[Event "Titled Tuesday Blitz May 10 Early 2022"]
[White "Ovezdurdyyeva, Jemal"]
[Black "Cramling Bellon, Anna"]
[WhiteFideId "14001888"]
[BlackFideId "32009232"]
[WhiteElo "1946"]
[BlackElo "1905"]
[Result "1-0"]
[Round "10"]
[TimeControl "180+1"]
[Date "2022.05.11"]
[WhiteClock "0:00:33"]
[BlackClock "0:00:02"]

1. e4 c5 2. Nf3 e6 3. d4 cxd4 4. Nxd4 Nc6 5. Nb5 d6 6. Bf4 e5 7. Be3 a6 8. N5c3 Nf6 9. Nd2 Be7 10. Nc4 O-O 11. Bb6 Qd7 12. Be2 Nxe4 13. Nxe4 d5 14. Nc5 Bxc5 15. Bxc5 Re8 16. Nb6 Qf5 17. Nxa8 Nd4 18. Bd3 Qg5 19. Qd2 Qxg2 20. O-O-O Nf3 21. Qc3 Bg4 22. Nc7 Rc8 23. Nxd5 Nd4 24. Ne7+ Kh8 25. Nxc8 Bxd1 26. Bxd4 Qxh1 27. b3 exd4 28. Qxd4 Bf3+ 29. Kb2 Bd5 30. Ne7 f6 31. Nxd5 Qf3 32. Nf4 g5 33. Qxf6+ Kg8 34. Bc4+ 1-0


[Site "https://www.chess.com"]

[Event "Titled Tuesday Blitz May 10 Early 2022"]
[White "Panesar Vedant"]
[Black "Kamsky, Gata"]
[WhiteFideId "35033018"]
[BlackFideId "2000024"]
[WhiteElo "1975"]
[BlackElo "2645"]
[Result "0-1"]
[Round "10"]
[TimeControl "180+1"]
[Date "2022.05.10"]
[WhiteClock "0:00:07"]
[BlackClock "0:00:30"]

1. d4 d5 2. Nf3 Nf6 3. Bf4 c5 4. e3 Nc6 5. Nbd2 cxd4 6. exd4 Bg4 7. Bb5 e6 8. O-O Bd6 9. Bxd6 Qxd6 10. h3 Bxf3 11. Nxf3 O-O 12. c3 a6 13. Bd3 b5 14. a3 Rab8 15. Qe2 Na5 16. a4 b4 17. Bxa6 bxc3 18. bxc3 Ne4 19. Bd3 Nxc3 20. Bxh7+ Kxh7 21. Ng5+ Kg6 22. Qd3+ Kxg5 23. Qxc3 Nc4 24. a5 Ra8 25. Rfe1 g6 26. h4+ Kh6 27. g3 Kg7 28. Kg2 Ra7 29. h5 gxh5 30. Rh1 Rh8 31. Qc1 Qe7 32. a6 Qf6 33. Qd1 Qf5 34. Rh4 Nd6 35. Ra3 Qg5 36. Qe2 Ne4 37. Rf3 Qd2 38. Rxe4 Qxe2 39. Rxe2 Rxa6 40. Rf4 Rh6 41. Re5 f6 42. Re2 Kg6 43. Rf3 h4 44. Rfe3 Kf7 45. Rc2 Ra7 46. Rc6 Re7 47. g4 Rh8 48. Kh3 Ra8 49. Kxh4 Ra2 50. Kg3 Rd2 51. Rf3 Rxd4 52. g5 f5 53. Kh2 Kg6 54. Rg3 Rh4+ 55. Kg2 f4 56. Rd3 Kxg5 57. Rd6 Kf5 58. Ra6 Rg7+ 59. Kf1 Rh1+ 60. Ke2 Rb7 61. Rd2 Rb3 62. Rc2 f3+ 63. Kd2 Rf1 64. Rc3 Rxf2+ 65. Kd3 Rxc3+ 66. Kxc3 Re2 67. Ra8 f2 68. Rf8+ Ke4 69. Rf6 e5 70. Rf8 Re3+ 71. Kd2 Rf3 0-1


[Site "https://www.chess.com"]

[Event "Titled Tuesday Blitz May 10 Early 2022"]
[White "Petre, Nad-Titus"]
[Black "Shashikant, Kutwal"]
[WhiteFideId "1204165"]
[BlackFideId "5006520"]
[WhiteElo "2354"]
[BlackElo "2321"]
[Result "0-1"]
[Round "10"]
[TimeControl "180+1"]
[Date "2022.05.11"]
[WhiteClock "0:00:11"]
[BlackClock "0:00:05"]

1. e4 e5 2. Nf3 Nc6 3. d4 exd4 4. Nxd4 Nf6 5. Nxc6 bxc6 6. e5 Qe7 7. Qe2 Nd5 8. h4 a5 9. c4 Ba6 10. g3 f6 11. exf6 Nxf6 12. Bf4 Qxe2+ 13. Bxe2 Bd6 14. Bxd6 cxd6 15. Nc3 Kd8 16. O-O-O Kc7 17. b3 Rhf8 18. f4 Rae8 19. Rhe1 Re3 20. Bd3 Rfe8 21. Rxe3 Rxe3 22. Ne2 d5 23. Kd2 Rf3 24. Rc1 dxc4 25. Bxc4 Ne4+ 26. Ke1 Bxc4 27. Rxc4 Nxg3 28. Nd4 Rf1+ 29. Kd2 Ne4+ 30. Ke2 Rh1 31. Ke3 Nd6 32. Rc2 Rh3+ 33. Nf3 Nf5+ 34. Ke4 g6 35. Rc3 Kd6 36. Rd3+ Ke7 37. Rc3 d5+ 38. Ke5 Nxh4 39. Rxc6 Nxf3+ 40. Kxd5 Nh4 41. Rc7+ Kf6 42. Rxh7 Rh2 43. Kc6 Nf3 44. Rd7 Rc2+ 45. Kb5 Rxa2 46. Rd5 Nd2 47. f5 gxf5 48. Rd6+ Ke5 49. Rh6 Ne4 50. Rh1 f4 51. Rh5+ Kd4 52. Rh8 Ke3 53. Rh3+ f3 54. b4 axb4 55. Kxb4 Ke2 56. Rh4 Ke3 57. Rh3 Ra8 58. Kc4 Rd8 59. Kb3 Nd2+ 60. Kc2 Ke2 61. Rh7 f2 62. Re7+ Kf3 63. Rf7+ Ke3 64. Re7+ Kf3 65. Rf7+ Kg2 66. Rg7+ Kh3 67. Rh7+ Kg4 68. Rg7+ Kh5 69. Rg8 f1=Q 70. Rxd8 Ne4 71. Rd5+ Kg4 72. Kb3 Kf4 73. Kb4 Qb1+ 74. Kc4 Qc2+ 75. Kb5 Qb3+ 76. Kc6 Qc4+ 77. Kb6 Qxd5 78. Ka7 Qc5+ 79. Kb8 Qe7 80. Ka8 Nc5 81. Kb8 Qb7# 0-1


[Site "https://www.chess.com"]

[Event "Titled Tuesday Blitz May 10 Early 2022"]
[White "Petrov, Martin"]
[Black "Kazarian, Anna-Maja"]
[WhiteFideId "2911086"]
[BlackFideId "1033689"]
[WhiteElo "2343"]
[BlackElo "2004"]
[Result "1-0"]
[Round "10"]
[TimeControl "180+1"]
[Date "2022.05.11"]
[WhiteClock "0:00:14"]
[BlackClock "0:00:02"]

1. d4 d5 2. Nf3 Nf6 3. c4 e6 4. g3 Bb4+ 5. Bd2 Be7 6. Bg2 O-O 7. O-O Nbd7 8. Bc3 Ne4 9. Nbd2 f5 10. Rc1 c6 11. b3 Nxc3 12. Rxc3 Bb4 13. Rc2 a5 14. Qc1 a4 15. a3 axb3 16. Nxb3 Rxa3 17. Qb1 Be7 18. Qb2 Qb6 19. Nfd2 Ra4 20. Ra1 Rxa1+ 21. Qxa1 Nf6 22. c5 Qb5 23. Bf1 Ne4 24. e3 Qb4 25. Ra2 b5 26. Qc1 Bb7 27. Ra7 Rb8 28. Nxe4 fxe4 29. Na5 Ra8 30. Rxb7 Rxa5 31. Rxe7 Ra2 32. Rxe6 Qa4 33. Rxc6 b4 34. Rc8+ Kf7 35. c6 Rc2 36. Qd1 g6 37. c7 h5 38. Rf8+ Kxf8 39. c8=Q+ Rxc8 40. Qxa4 Rb8 41. Bb5 1-0


[Site "https://www.chess.com"]

[Event "Titled Tuesday Blitz May 10 Early 2022"]
[White "Pinheiro, Iung Alicio de O."]
[Black "Piesik, Piotr"]
[WhiteFideId "2104350"]
[BlackFideId "1136194"]
[WhiteElo "2283"]
[BlackElo "2190"]
[Result "0-1"]
[Round "10"]
[TimeControl "180+1"]
[Date "2022.05.11"]
[WhiteClock "0:00:03"]
[BlackClock "0:00:58"]

1. c4 g6 2. g3 Bg7 3. Bg2 Nc6 4. Nc3 d6 5. d3 e5 6. e4 Nge7 7. Nge2 O-O 8. O-O f5 9. f3 Be6 10. Nd5 Qd7 11. Bg5 h6 12. Be3 g5 13. Nxe7+ Qxe7 14. exf5 Bxf5 15. Qd2 Rae8 16. Rae1 Kh7 17. b3 Qd7 18. d4 exd4 19. Nxd4 Nxd4 20. Bxd4 b6 21. Bxg7 Qxg7 22. f4 gxf4 23. Rxf4 Rxe1+ 24. Qxe1 Bg6 25. Rxf8 Qxf8 26. h4 Qe8 27. Qf2 Qe5 28. Bd5 Kg7 29. Kh2 Qf5 30. Qe2 Qc2 31. Qxc2 Bxc2 32. g4 Kf6 33. Kg3 Ke5 34. Bg8 a5 35. g5 hxg5 36. hxg5 Bb1 37. a3 Ba2 38. b4 axb4 39. axb4 b5 40. Kg4 Bxc4 41. Bh7 c5 42. Kh5 cxb4 43. Kh6 b3 44. Bb1 b2 45. g6 Kf6 46. Kh7 Be6 0-1


[Site "https://www.chess.com"]

[Event "Titled Tuesday Blitz May 10 Early 2022"]
[White "Prieto Aranguren, Alain"]
[Black "Derraugh, Geordie"]
[WhiteFideId "2268906"]
[BlackFideId "2603950"]
[WhiteElo "2235"]
[BlackElo "2116"]
[Result "0-1"]
[Round "10"]
[TimeControl "180+1"]
[Date "2022.05.11"]
[WhiteClock "0:00:04"]
[BlackClock "0:00:06"]

1. d4 Nf6 2. Bg5 Ne4 3. Be3 d5 4. f3 Nd6 5. Bf2 g6 6. e3 Bg7 7. h4 h5 8. Nh3 c5 9. Ng5 cxd4 10. exd4 Nf5 11. c3 Nc6 12. Bd3 Qa5 13. Qb3 Nfxd4 14. Qd1 Ne6 15. Nd2 Nxg5 16. hxg5 d4 17. Nb3 Qxg5 18. cxd4 Qxg2 19. Rg1 Qh3 20. Qe2 Qe6 21. d5 Qxe2+ 22. Kxe2 Nb4 23. Be4 Bxb2 24. Rab1 Ba3 25. Nd4 f5 26. Nb5 fxe4 27. Nxa3 exf3+ 28. Kxf3 Bg4+ 29. Kg3 Nd3 30. Bd4 O-O 31. Rxb7 Rf3+ 32. Kh4 Raf8 33. Rxe7 R8f5 34. Rg7+ Kf8 35. Rxg4 hxg4 36. Rxg6 Rxd5 37. Kxg4 Rf4+ 38. Kg3 Rfxd4 39. Nc2 Ra4 40. a3 Ne5 41. Re6 Rd3+ 42. Kf2 Ng4+ 43. Ke2 Rc3 44. Kd2 Rac4 45. Ne1 Rxa3 46. Rg6 Ne5 47. Rg5 Ra2+ 48. Kd1 Ra1+ 49. Kd2 Rxe1 50. Rf5+ Ke7 51. Kxe1 Re4+ 52. Kd2 Nc6 53. Rh5 Kd6 54. Rh7 a5 55. Kd3 Re5 56. Kc4 Rc5+ 57. Kb3 Re5 58. Ka4 Kc5 59. Rh6 Kb6 60. Rg6 Re4+ 61. Ka3 Rc4 62. Rg5 Rc5 63. Rg6 Kb5 64. Rg8 Rc3+ 65. Ka2 Rf3 66. Rg7 Nb4+ 67. Kb2 Ka4 68. Rg5 Rb3+ 69. Ka1 Re3 70. Kb2 Re2+ 71. Kb1 Kb3 72. Rg3+ Kc4 73. Rg4+ Kc3 74. Rg3+ Nd3 75. Rg8 Re1+ 76. Ka2 Nb4+ 0-1


[Site "https://www.chess.com"]

[Event "Titled Tuesday Blitz May 10 Early 2022"]
[White "Przybylski, Wojciech"]
[Black "Saldano Dayer, Horacio"]
[WhiteFideId "1117599"]
[BlackFideId "103411"]
[WhiteElo "2133"]
[BlackElo "2419"]
[Result "1-0"]
[Round "10"]
[TimeControl "180+1"]
[Date "2022.05.11"]
[WhiteClock "0:00:01"]
[BlackClock "0:00:01"]

1. e4 e6 2. d4 d5 3. Nc3 Bb4 4. e5 c5 5. a3 Bxc3+ 6. bxc3 Nc6 7. Qg4 g6 8. Bd2 Bd7 9. Nf3 c4 10. Be2 Qa5 11. O-O Qa4 12. Rfb1 O-O-O 13. Rb2 h6 14. Rab1 b6 15. h4 Rh7 16. Bc1 Nge7 17. Qf4 Rdh8 18. g4 Kb7 19. Qh2 g5 20. h5 Rf8 21. Be3 Ng8 22. Nd2 Qxa3 23. Nf3 f5 24. Qg2 Rhf7 25. Bd2 fxg4 26. Qxg4 Nge7 27. Be1 Nf5 28. Kg2 Ng7 29. Bd2 Rf4 30. Bxf4 Rxf4 31. Qg3 Nf5 32. Qh2 Qxc3 33. Ng1 Ncxd4 34. Bd1 Nh4+ 35. Kh1 Qe1 36. c3 Ndf5 37. Re2 Qxc3 38. Qh3 Qxh3+ 39. Nxh3 Rd4 40. Bc2 1-0


[Site "https://www.chess.com"]

[Event "Titled Tuesday Blitz May 10 Early 2022"]
[White "Quirke, Jeffrey"]
[Black "Belenkaya, Dina"]
[WhiteFideId "2013029"]
[BlackFideId "24142654"]
[WhiteElo "2141"]
[BlackElo "2196"]
[Result "1-0"]
[Round "10"]
[TimeControl "180+1"]
[Date "2022.05.11"]
[WhiteClock "0:00:06"]
[BlackClock "0:00:02"]

1. c4 e5 2. g3 Nc6 3. Bg2 Nf6 4. Nc3 Bc5 5. e3 O-O 6. Nge2 a5 7. O-O d6 8. b3 Bg4 9. h3 Bf5 10. Bb2 Bd3 11. f4 e4 12. Rf2 Nb4 13. Rc1 d5 14. a3 Nc6 15. cxd5 Ne7 16. g4 Nexd5 17. g5 Nxc3 18. Nxc3 Nd5 19. Nxe4 Bb6 20. Ng3 Re8 21. Kh2 f6 22. gxf6 Nxf6 23. Bxb7 Rb8 24. Bc6 Rf8 25. Rg2 Qd6 26. Qf3 Qe7 27. e4 Rbd8 28. e5 Ne8 29. Be4 Bxe4 30. Qxe4 Qd7 31. f5 Qd3 32. Qxd3 Rxd3 33. f6 g6 34. Rf1 Kf7 35. Ne4 h6 36. b4 axb4 37. axb4 Ke6 38. Nc5+ Bxc5 39. bxc5 g5 40. Rg3 Rxd2+ 41. Rg2 Rd5 42. c6 1-0


[Site "https://www.chess.com"]

[Event "Titled Tuesday Blitz May 10 Early 2022"]
[White "Rahman, Adel"]
[Black "Polster, Christian"]
[WhiteFideId "14204177"]
[BlackFideId "12965081"]
[WhiteElo "2175"]
[BlackElo "2294"]
[Result "1-0"]
[Round "10"]
[TimeControl "180+1"]
[Date "2022.05.11"]
[WhiteClock "0:00:15"]
[BlackClock "0:00:02"]

1. e4 c5 2. Nf3 d6 3. d4 cxd4 4. Nxd4 Nf6 5. Nc3 a6 6. Bg5 Nbd7 7. Bc4 b5 8. Bb3 Bb7 9. Qe2 Nc5 10. Bxf6 gxf6 11. O-O-O e6 12. Rhe1 b4 13. Nd5 exd5 14. exd5+ Kd7 15. Nc6 Qb6 16. Qh5 Nxb3+ 17. axb3 Bxc6 18. Qxf7+ Kc8 19. dxc6 Bh6+ 20. Kb1 Ra7 21. Re7 Rxe7 22. Qxe7 Qc7 23. Qxf6 Bg7 24. Qe6+ Kb8 25. Rxd6 Rd8 26. Rd7 Rxd7 27. cxd7 Qd8 28. Qc6 a5 29. f4 Ka7 30. g4 Bf6 31. g5 Bg7 32. f5 Qxg5 33. Qc7+ Ka6 34. d8=Q 1-0


[Site "https://www.chess.com"]

[Event "Titled Tuesday Blitz May 10 Early 2022"]
[White "Rastbod, Ali"]
[Black "Starozhilov, Leonid"]
[WhiteFideId "12567477"]
[BlackFideId "14106752"]
[WhiteElo "2147"]
[BlackElo "2414"]
[Result "0-1"]
[Round "10"]
[TimeControl "180+1"]
[Date "2022.05.10"]
[WhiteClock "0:01:15"]
[BlackClock "0:01:28"]

1. c4 Nf6 2. Nf3 g6 3. b3 Bg7 4. Bb2 O-O 5. g3 d6 6. d4 c6 7. Bg2 Bf5 8. O-O Na6 9. Nbd2 d5 10. a3 Nc7 11. Ne5 h5 12. Rc1 Nd7 13. Nd3 Bxd3 14. exd3 e6 15. f4 a6 16. Nf3 Ne8 17. Ne5 Nd6 18. h3 Nf5 19. Qf3 Nxe5 20. dxe5 Qb6+ 21. d4 Nxd4 22. Bxd4 Qxd4+ 23. Kh2 dxc4 24. Rxc4 Qb2 25. Rb4 Rab8 26. a4 Rfd8 27. Rf2 Rd2 28. Rxd2 Qxd2 29. Rc4 Rd8 30. b4 Bf8 31. b5 axb5 32. axb5 cxb5 33. Rc7 h4 34. gxh4 Bh6 0-1


[Site "https://www.chess.com"]

[Event "Titled Tuesday Blitz May 10 Early 2022"]
[White "Redzisz, Michal"]
[Black "Arias, Juan Cruz"]
[WhiteFideId "21816107"]
[BlackFideId "118540"]
[WhiteElo "2004"]
[BlackElo "2091"]
[Result "1-0"]
[Round "10"]
[TimeControl "180+1"]
[Date "2022.05.11"]
[WhiteClock "0:00:08"]
[BlackClock "0:01:59"]

1. Nf3 e6 2. c4 c5 3. Nc3 b6 4. d4 cxd4 5. Nxd4 Bb7 6. e4 d6 7. Be3 Nf6 8. f3 Nbd7 9. Be2 Be7 10. Rc1 O-O 11. O-O Kh8 12. Qd2 Rg8 13. Ndb5 Ne5 14. Rfd1 a6 15. Nxd6 Bxd6 16. Qxd6 Nfd7 17. f4 Qh4 18. fxe5 Nc5 19. Bxc5 bxc5 20. Qxc5 Rad8 21. Qf2 Qg5 22. Qg3 Qe7 23. Qe3 Qb4 24. Rd2 h6 25. Rcd1 Rxd2 26. Rxd2 Qa5 27. a3 Ba8 28. Qd4 h5 29. Bxh5 g6 30. Bd1 Kg7 31. Rd3 Rh8 32. h3 Qc7 33. c5 Qb7 34. b4 Qe7 35. Rf3 Qg5 36. Qd7 Rf8 37. Qc7 Qd2 38. Qd6 Qc1 39. c6 Qxa3 40. c7 Bb7 41. Kh2 Qc1 42. Ba4 g5 43. Bd7 g4 44. Rg3 Qf4 45. Qe7 Kg6 46. Qxf8 Qxe5 47. Qg8+ Kf6 48. Qxg4 Qd4 49. Qg5# 1-0


[Site "https://www.chess.com"]

[Event "Titled Tuesday Blitz May 10 Early 2022"]
[White "Sadykov, Ramil"]
[Black "Liyanage, Ranindu Dilshan"]
[WhiteFideId "24113590"]
[BlackFideId "9915834"]
[WhiteElo "2280"]
[BlackElo "1858"]
[Result "1-0"]
[Round "10"]
[TimeControl "180+1"]
[Date "2022.05.11"]
[WhiteClock "0:00:08"]
[BlackClock "0:00:16"]

1. d4 Nf6 2. Nc3 e6 3. Bf4 Bb4 4. a3 Bxc3+ 5. bxc3 c5 6. Nf3 Nc6 7. e3 Qa5 8. Qd3 d5 9. dxc5 Ne4 10. Bd6 b6 11. Nd4 Nxd4 12. exd4 bxc5 13. dxc5 Bd7 14. Qd4 Nxc3 15. Qb4 Qxb4 16. axb4 Ne4 17. Be5 f6 18. Bb2 Rb8 19. Rxa7 Rxb4 20. Ra8+ Ke7 21. Rxh8 Rxb2 22. Rxh7 Kf7 23. Rh8 Rb1+ 24. Ke2 Bb5+ 25. Ke3 Bxf1 26. c6 Re1+ 27. Kd4 Rd1+ 28. Ke3 Re1+ 29. Kd4 Ke7 30. c7 Kd6 31. Rxf1 e5+ 32. Kd3 Nxf2+ 33. Rxf2 Kxc7 34. Rh7 Kd6 35. Rxg7 e4+ 36. Kd2 Rg1 37. Rxf6+ Kc5 38. Rg5 Kd4 39. Rff5 e3+ 40. Ke2 Rc1 41. Rxd5+ Ke4 42. Rge5+ Kf4 43. Rf5+ Ke4 44. Rde5+ Kd4 45. Rxe3 Rxc2+ 46. Kf3 Rc1 47. Re2 Rf1+ 48. Rf2 Re1 49. Rf4+ Ke5 50. h4 Rc1 51. Re4+ Kf5 52. Re3 Kg6 53. g4 Rc4 54. h5+ Kg5 55. Re5+ Kh4 56. Rh2# 1-0


[Site "https://www.chess.com"]

[Event "Titled Tuesday Blitz May 10 Early 2022"]
[White "Sailer, Mike"]
[Black "Schut, Han"]
[WhiteFideId "2012901"]
[BlackFideId "1005561"]
[WhiteElo "2109"]
[BlackElo "2057"]
[Result "1-0"]
[Round "10"]
[TimeControl "180+1"]
[Date "2022.05.11"]
[WhiteClock "0:01:43"]
[BlackClock "0:01:05"]

1. d4 Nf6 2. Nf3 g6 3. Bf4 Bg7 4. e3 O-O 5. Be2 d6 6. O-O Nc6 7. c4 Re8 8. Nc3 Bf5 9. h3 Ne4 10. Nxe4 Bxe4 11. a3 e5 12. Bh2 Bxf3 13. Bxf3 exd4 14. Bxc6 bxc6 15. exd4 Qf6 16. Qa4 Qxd4 17. Qxc6 Rac8 18. Rab1 Re2 19. b4 Qb6 20. Qd7 Rce8 21. c5 dxc5 22. Bxc7 Qb7 23. bxc5 R2e7 24. Qxe8+ Rxe8 25. Rxb7 1-0


[Site "https://www.chess.com"]

[Event "Titled Tuesday Blitz May 10 Early 2022"]
[White "Samadov, Read"]
[Black "Hakobyan, Aram"]
[WhiteFideId "13417444"]
[BlackFideId "13306677"]
[WhiteElo "2084"]
[BlackElo "2557"]
[Result "0-1"]
[Round "10"]
[TimeControl "180+1"]
[Date "2022.05.10"]
[WhiteClock "0:00:03"]
[BlackClock "0:00:50"]

1. d4 e6 2. c4 f5 3. Nc3 Nf6 4. d5 e5 5. Nf3 d6 6. g3 g6 7. Bg2 Bg7 8. O-O O-O 9. Bg5 Na6 10. a3 h6 11. Bc1 Nc5 12. b4 Nce4 13. Nxe4 Nxe4 14. Bb2 Bd7 15. Nd2 Nf6 16. c5 a5 17. Nc4 axb4 18. cxd6 cxd6 19. Nxd6 bxa3 20. Rxa3 Qe7 21. Rxa8 Rxa8 22. Nxb7 Qb4 23. Bxe5 Qxb7 24. Qd4 Qa7 25. Qc3 Qa5 26. Qb2 Ne8 27. Bxg7 Nxg7 28. Qf6 Kh7 29. e4 fxe4 30. Bxe4 Bf5 31. Bxf5 Nxf5 32. Rc1 Ng7 33. d6 Qf5 34. Qd4 Ne6 35. Qb6 Rf8 36. Rd1 Qf3 37. Re1 Ng5 38. h4 Nh3+ 39. Kh2 Nxf2 40. Re7+ Kg8 41. Qd4 Qh1# 0-1


[Site "https://www.chess.com"]

[Event "Titled Tuesday Blitz May 10 Early 2022"]
[White "Sanchez, Robert"]
[Black "Ljukin, Sergei"]
[WhiteFideId "2034360"]
[BlackFideId "14102200"]
[WhiteElo "2179"]
[BlackElo "2312"]
[Result "1-0"]
[Round "10"]
[TimeControl "180+1"]
[Date "2022.05.11"]
[WhiteClock "0:00:40"]
[BlackClock "0:00:11"]

1. e4 e6 2. d4 d5 3. Nd2 Nf6 4. e5 Nfd7 5. Bd3 c5 6. c3 Nc6 7. Ne2 cxd4 8. cxd4 f6 9. exf6 Qxf6 10. Nf3 h6 11. O-O Bd6 12. Be3 O-O 13. h3 Rd8 14. Rc1 Nf8 15. Qd2 Bd7 16. a3 Be8 17. Bf4 Bh5 18. Bxd6 Rxd6 19. g4 Qxf3 20. gxh5 Qxh3 21. Rc3 Qxh5 22. Ng3 Qf7 23. Bc2 e5 24. dxe5 Nxe5 25. f4 Ng4 26. Bf5 Nf6 27. Rfc1 Re8 28. Rc7 Re7 29. Rc8 d4 30. Bd3 Nd5 31. Nf5 Red7 32. Nxd6 Rxd6 33. Qc2 Qxf4 34. Bh7+ Kh8 35. Rf1 Qg3+ 36. Kh1 d3 37. Bxd3 Qh3+ 38. Kg1 Qg3+ 39. Qg2 Qxd3 40. Rfxf8+ Kh7 41. Rh8# 1-0


[Site "https://www.chess.com"]

[Event "Titled Tuesday Blitz May 10 Early 2022"]
[White "Sapunov, Evgeny"]
[Black "Visakh N R"]
[WhiteFideId "4126661"]
[BlackFideId "25012223"]
[WhiteElo "2470"]
[BlackElo "2448"]
[Result "1/2-1/2"]
[Round "10"]
[TimeControl "180+1"]
[Date "2022.05.10"]
[WhiteClock "0:00:23"]
[BlackClock "0:01:01"]

1. c4 c5 2. Nf3 Nf6 3. d4 cxd4 4. Nxd4 Nc6 5. Nc3 g6 6. e4 Bg7 7. Be3 Ng4 8. Qxg4 Nxd4 9. Qd1 Ne6 10. Qd2 O-O 11. Be2 d6 12. O-O b6 13. Nd5 Bb7 14. Rac1 Rc8 15. f3 Nc7 16. b3 Qd7 17. Rfd1 Nxd5 18. exd5 Rfe8 19. Bd4 e5 20. dxe6 Qxe6 21. Bf1 Be5 22. b4 Qf6 23. Bxe5 dxe5 24. Re1 e4 25. fxe4 Bxe4 26. Qf2 Qxf2+ 27. Kxf2 f5 28. a3 Kf7 29. g3 Re7 30. Red1 Ke6 31. Rd4 Ke5 32. Rcd1 Rec7 33. Rd7 Bc6 34. Rxc7 Rxc7 35. Ke3 g5 36. Rd4 Be4 37. Rd8 f4+ 38. gxf4+ gxf4+ 39. Kd2 Bg6 40. Bd3 Rf7 41. Rd5+ Ke6 42. Ke2 Bxd3+ 43. Rxd3 Rc7 44. Rc3 Ke5 45. Kf3 Kd4 46. Rc1 Rxc4 47. Rd1+ Kc3 48. Rd7 a5 49. bxa5 bxa5 50. Rb7 a4 51. h4 h5 52. Rb5 Kc2 53. Rxh5 Kb3 54. Rb5+ Kxa3 55. h5 Rc3+ 56. Kxf4 Rb3 57. Ra5 Rb8 58. h6 Kb3 59. Kg5 a3 60. h7 a2 61. Rxa2 Kxa2 62. Kg6 Rh8 63. Kg7 Rxh7+ 64. Kxh7 1/2-1/2


[Site "https://www.chess.com"]

[Event "Titled Tuesday Blitz May 10 Early 2022"]
[White "Shimanov, Aleksandr"]
[Black "FGHSMN"]
[WhiteFideId "4198603"]
[WhiteElo "2605"]
[BlackElo "2768"]
[Result "1/2-1/2"]
[Round "10"]
[TimeControl "180+1"]
[Date "2022.05.10"]
[WhiteClock "0:00:12"]
[BlackClock "0:00:08"]

1. e4 c5 2. Nc3 d6 3. Bb5+ Bd7 4. Bxd7+ Qxd7 5. d4 cxd4 6. Qxd4 Nc6 7. Qd3 Nf6 8. Nf3 g6 9. Bg5 Bg7 10. O-O O-O 11. Nd5 Ng4 12. h3 Nge5 13. Nxe5 Bxe5 14. c3 Bg7 15. Rad1 Rfe8 16. Rfe1 h6 17. Bh4 Rac8 18. b3 Ne5 19. Qe2 g5 20. Bg3 e6 21. Ne3 Rxc3 22. Bxe5 Bxe5 23. Nc4 Qc7 24. Qh5 Bg7 25. h4 Rd8 26. hxg5 hxg5 27. Qxg5 a6 28. e5 d5 29. Rd4 Kf8 30. Rg4 dxc4 31. Qxg7+ Ke8 32. Qh8+ Kd7 33. Rd1+ Rd3 34. Rxd3+ cxd3 35. Qh6 Kc8 36. Qd2 Kb8 37. Re4 Qc2 38. Qa5 Qc1+ 39. Kh2 Rh8+ 40. Kg3 d2 41. Rc4 Rg8+ 42. Kh2 Rh8+ 43. Kg3 d1=Q 44. Qc7+ Ka8 45. Rxc1 Qd3+ 46. f3 Rg8+ 47. Kh2 Rh8+ 48. Kg3 Rg8+ 49. Kh2 Rh8+ 50. Kg3 1/2-1/2


[Site "https://www.chess.com"]

[Event "Titled Tuesday Blitz May 10 Early 2022"]
[White "Shuvalov, Evgenij"]
[Black "Kozak, Antoni"]
[WhiteFideId "4187237"]
[BlackFideId "21832030"]
[WhiteElo "2053"]
[BlackElo "2322"]
[Result "0-1"]
[Round "10"]
[TimeControl "180+1"]
[Date "2022.05.11"]
[WhiteClock "0:00:24"]
[BlackClock "0:00:14"]

1. Nf3 d5 2. c4 e6 3. g3 Nf6 4. Bg2 Be7 5. O-O O-O 6. b3 d4 7. e3 c5 8. exd4 cxd4 9. Ne5 Nbd7 10. Nxd7 Qxd7 11. Re1 Rb8 12. d3 b5 13. Bf4 Rb6 14. Nd2 Bb7 15. Bxb7 Rxb7 16. Rc1 Bb4 17. Be5 Ne8 18. Re4 Bc3 19. Nb1 b4 20. Nd2 f6 21. Bf4 e5 22. Bh6 gxh6 23. Nf3 Nd6 24. Rh4 Kh8 25. Rxh6 Qg7 26. Rh4 Nf5 27. Re4 a5 28. Qf1 a4 29. Qh3 Nd6 30. Rg4 Qd7 31. Qh4 Nf5 32. Qh5 Ng7 33. Qh4 Qf7 34. Qh3 Qh5 35. Nh4 f5 36. Rxg7 Rxg7 37. Qg2 Qxh4 38. gxh4 Rxg2+ 39. Kxg2 axb3 40. axb3 Ra8 41. Rb1 e4 42. dxe4 fxe4 43. Kg3 d3 44. Kf4 Re8 45. Ke3 d2 46. c5 Kg7 47. c6 Kf6 48. c7 Rc8 49. Kxe4 Rxc7 50. f4 Re7+ 51. Kf3 Re1 0-1


[Site "https://www.chess.com"]

[Event "Titled Tuesday Blitz May 10 Early 2022"]
[White "Shyaamnikhil P"]
[Black "Stankovic, Ivan G"]
[WhiteFideId "5024218"]
[BlackFideId "902837"]
[WhiteElo "2329"]
[BlackElo "2195"]
[Result "1-0"]
[Round "10"]
[TimeControl "180+1"]
[Date "2022.05.10"]
[WhiteClock "0:00:54"]
[BlackClock "0:00:02"]

1. e4 c5 2. Nf3 Nc6 3. Bb5 g6 4. O-O Bg7 5. Re1 Nf6 6. e5 Nd5 7. c3 O-O 8. d4 cxd4 9. cxd4 d6 10. Bxc6 bxc6 11. Nc3 Bg4 12. Nxd5 cxd5 13. h3 Bxf3 14. Qxf3 dxe5 15. dxe5 e6 16. b3 Qa5 17. Bb2 Rfc8 18. Qd3 Rc6 19. Re2 Rac8 20. g3 Bf8 21. Kg2 Ba3 22. Bd4 Rc1 23. Rxc1 Rxc1 24. Rc2 Rxc2 25. Qxc2 Bf8 26. a4 Kg7 27. g4 Qe1 28. Bxa7 Qxe5 29. Qd2 Qe4+ 30. f3 Qb1 31. Bd4+ Kg8 32. Qb2 Qe1 33. Bc3 Qe3 34. b4 Bd6 35. Qd2 Qa7 36. a5 Bb8 37. Qd4 Qxd4 38. Bxd4 e5 39. Bc5 f5 40. a6 d4 41. b5 d3 42. Kf2 e4 43. fxe4 fxe4 44. b6 Bg3+ 45. Kf1 Bf4 46. a7 e3 47. a8=Q+ Kg7 48. Bd4+ Kh6 49. Qf8+ Kg5 50. Bf6# 1-0


[Site "https://www.chess.com"]

[Event "Titled Tuesday Blitz May 10 Early 2022"]
[White "Silvestre, Christian"]
[Black "De Souza, Cristiano Gomes"]
[WhiteFideId "30956269"]
[BlackFideId "2151758"]
[WhiteElo "2362"]
[BlackElo "2068"]
[Result "0-1"]
[Round "10"]
[TimeControl "180+1"]
[Date "2022.05.11"]
[WhiteClock "0:00:04"]
[BlackClock "0:00:09"]

1. e4 c5 2. Nc3 d6 3. f4 g6 4. Nf3 Bg7 5. Bc4 Nc6 6. d3 Nf6 7. O-O O-O 8. Qe1 e6 9. f5 d5 10. Bb3 dxe4 11. dxe4 exf5 12. exf5 Bxf5 13. Qh4 Ne4 14. Ng5 Qd4+ 15. Kh1 Nxg5 16. Qxg5 Bf6 17. Qh6 Bg7 18. Qg5 h6 19. Qg3 Be5 20. Qe1 Rae8 21. Be3 Qg4 22. Nd5 Qh5 23. Bf4 Bg7 24. Qg3 Nd4 25. Rae1 Nxb3 26. axb3 Be4 27. Nc3 Bc6 28. Bd6 Rxe1 29. Qxe1 Re8 30. Qf2 f5 31. Bxc5 Bxc3 32. bxc3 Re2 33. Qd4 Bxg2+ 34. Kg1 Bxf1 35. Qd8+ Kg7 36. Bd4+ Kf7 37. Qf6+ Ke8 38. Qh8+ Kd7 39. Qg7+ Kc6 40. Qf6+ Kd5 41. Qd8+ Ke4 42. Qe7+ Kf3 43. Qxb7+ Kg4 44. Kxf1 Qxh2 0-1


[Site "https://www.chess.com"]

[Event "Titled Tuesday Blitz May 10 Early 2022"]
[White "Simonovic, Miroslav"]
[Black "Needleman, Alejandro"]
[WhiteFideId "919152"]
[BlackFideId "100730"]
[WhiteElo "2043"]
[BlackElo "2347"]
[Result "0-1"]
[Round "10"]
[TimeControl "180+1"]
[Date "2022.05.11"]
[WhiteClock "0:00:01"]
[BlackClock "0:00:59"]

1. d4 c5 2. c3 Nf6 3. Bg5 Ne4 4. h4 Qb6 5. Qc2 cxd4 6. Qxe4 Qxb2 7. cxd4 Qxa1 8. Qc2 Nc6 9. e3 e5 10. d5 Nb4 11. Qb3 Qxa2 12. Qxa2 Nxa2 13. Bc4 Nb4 14. e4 Bc5 15. Nf3 d6 16. Ke2 Bd7 17. Na3 h6 18. Bd2 O-O 19. Rb1 a5 20. Bb5 Bg4 21. Nc4 f5 22. Bd7 Bxf3+ 23. gxf3 fxe4 24. Be6+ Kh8 25. Be3 exf3+ 26. Kf1 e4 27. Bxc5 dxc5 28. Ne5 Rf6 29. Re1 a4 30. Nd7 Rf4 31. Nxc5 a3 32. d6 a2 33. Bxa2 Nxa2 34. d7 Nc3 35. Rc1 Rxh4 0-1


[Site "https://www.chess.com"]